 Dungeon Crawl Stone Soup version 0.30.1-11-g7821555f0a (webtiles) character file.

Game seed: 863998954487857215

23 BoneyBoi1234 the Firebug (level 3, 0/27 HPs)
             Began as a Hill Orc Fire Elementalist on Nov 6, 2023.
             Killed from afar by an orc wizard (11 damage)
             ... with a puff of flame
             ... on level 1 of the Dungeon.
             The game lasted 00:02:51 (1387 turns).

BoneyBoi1234 the Firebug (HOFE)                     Turns: 1387, Time: 00:02:52

Health: 0/27       AC:  2    Str: 10    XL:     3   Next: 0%
Magic:  2/5        EV: 12    Int: 17    God:
Gold:   71         SH:  0    Dex: 11    Spells: 2/5 levels left

rFire   . . .        c - +3 short sword
rCold   . . .        (no shield)
rNeg    . . .        a - +0 robe
rPois   .            (no helmet)
rElec   .            (no cloak)
rCorr   .            (no gloves)
SInv    .            (no boots)
Will    .....        (no amulet)
Stlth   ++           (no ring)
HPRegen 0.24/turn    (no ring)
MPRegen 0.09/turn

%: no passive effects
@: no status effects
A: no striking features
a: no special abilities


You were on level 1 of the Dungeon.
You visited 1 branch of the dungeon, and saw 2 of its levels.

You collected 71 gold pieces.

Inventory:

Hand Weapons
 c - a +3 short sword (weapon)
Armour
 a - a +0 robe (worn)
 j - a +0 kite shield
Scrolls
 d - 3 scrolls of noise {unknown}
 e - a scroll of vulnerability {unknown}
 h - a scroll of amnesia {unknown}
 l - a scroll of teleportation {unknown}
Potions
 b - 2 potions of magic
 f - a potion of haste {unknown}
 g - a potion of attraction {unknown}
 i - a potion of lignification {unknown}
 k - a potion of berserk rage {unknown}


   Skills:
 + Level 0.5 Fighting
 + Level 0.4 Armour
 + Level 1.9 Dodging
 - Level 1.6 Stealth
 + Level 1.8 Spellcasting
 - Level 1.2 Conjurations
 + Level 3.5 Fire Magic


You had 2 spell levels left.
You knew the following spells:

 Your Spells              Type           Power      Damage    Failure   Level
a - Foxfire               Conj/Fire      36%        2x1d5     8%          1
b - Scorch                Fire           26%        2d6       7%          2

Your spell library contained the following spells:

 Spells                   Type           Power      Damage    Failure   Level
 Ensorcelled Hibernation  Hex/Ice        2%         N/A       30%         2
 Inner Flame              Hex/Fire       7%         N/A       28%         3
 Volatile Blastmotes      Fire/Tloc      14%        2d11      28%         3
 Spider Form              Tmut/Pois      1%         N/A       52%         3
 Flame Wave               Conj/Fire      9%         2d6       58%         4
 Anguish                  Hex/Necr       0%         N/A       89%         4


Dungeon Overview and Level Annotations

Branches:
Dungeon (2/15)

Altars:

Shops:
D:1 (


Message History

Confirm with . or Enter, or press ? or * to list all spells.
Flames lash the orc.
The orc is almost dead.
The orc's fire resistance burns away.
The foxfire hits the orc.
The orc is lightly wounded.
The foxfire hits the orc.
The orc is heavily wounded.
The orc hits you with a +0 club.
The orc wizard casts a spell.
The orc wizard flickers and vanishes!
Deactivating autopickup; reactivate with Ctrl-A.
Casting: Scorch (safe; 8% risk of failure)
Confirm with . or Enter, or press ? or * to list all spells.
You don't have enough magic to cast this spell.
You closely miss the orc.
The orc is almost dead.
The orc completely misses you. The orc hits you but does no damage.
You hit the orc but do no damage.
The orc is almost dead.
The orc closely misses you. The orc hits you with a +0 falchion.
You hit the orc.
You kill the orc!
The orc hits you with a +0 club.
You closely miss the orc.
The orc is heavily wounded.
The orc hits you with a +0 club. Something hits you.
The orc attacks as you move away! The orc barely misses you.
You hit the orc.
You kill the orc!
You have reached level 3!
Your experience leads to an increase in your attributes!
Increase (S)trength, (I)ntelligence, or (D)exterity?
You feel clever. x2
You hit something. Something hits you.
You closely miss something. Something barely misses you.
You hit something.
You hear some strange, mumbled words.
A puff of flame appears from out of thin air!
The puff of flame hits you!
You die...

# #######.#######.# #.# #.#
#.......#.....#.####.#####.#
#.#####.#.###.#............#
#.....#.#.#.#.#.####.#######
#####.#.#...#.#......#######
#...#.#.#####.####>........#
#.#.#.#.......# #.........#
#.#.#.#.##########.........#
#.#<#.#.......@{.#.........#
#.#.#.#.########)..........#
#.#.#.#.......####.........#
#.#.#.#.#.##### #.........#
#.#...#.#.#...# #.........#
#.#####.#.#.#.# #.#########
#.....#.#.#.#.# #.#
#####.#.#.###.# #.#
#.......#.....# #.#


There were no monsters in sight!

Vanquished Creatures
  2 orcs (D:1)
  An endoplasm (D:1)
  2 giant cockroaches (D:1)
  6 goblins (D:1)
  2 hobgoblins (D:1)
  A quokka (D:1)
  A ball python (D:1)
  A bat (D:1)
  A frilled lizard (D:1)
  2 kobolds (D:1)
19 creatures vanquished.

Vanquished Creatures (others)
  42 foxfires
42 creatures vanquished.

Grand Total: 61 creatures vanquished

Notes
Turn   | Place    | Note
-------+----------+-------------------------------------------
     0 | D:1      | BoneyBoi1234 the Hill Orc Fire Elementalist began the quest
                  | for the Orb.
     0 | D:1      | Reached XP level 1. HP: 14/14 MP: 3/3
   305 | D:1      | Reached XP level 2. HP: 19/20 MP: 2/4
   345 | D:1      | Learned a level 2 spell: Scorch
   550 | D:1      | Found Rotumis's Weapon Boutique.
  1195 | D:1      | Found a faded altar of an unknown god.
  1385 | D:1      | Reached XP level 3. HP: 11/27 MP: 1/5
  1387 | D:1      | Killed from afar by an orc wizard

Illustrated notes

Levels and vault maps discovered:
D:1:      matt_arrival_spirals, layout_basic, serial_shops, shop,
          chequers_ecumenical_altar_lobes
D:2:      layout_basic, kennysheep_nondescript, minmay_pentomino_z4,
          uniq_terence

Action                     || total
---------------------------++-------
  Melee: Short sword       ||    24
         Unarmed           ||     3
   Cast: Foxfire           ||    31
         Scorch            ||     1
 Armour: Robe              ||     5
  Dodge: Dodged            ||    16
